 Dungeon Crawl Stone Soup version 0.22-a0-283-g1871b15 (webtiles) character file.

200 medis the Skirmisher (level 5, 0/42 HPs)
             Began as a Demonspawn Abyssal Knight on Mar 19, 2018.
             Was a Priest of Lugonu.
             Succumbed to a scorpion's poison
             ... on level 3 of the Dungeon.
             The game lasted 00:06:58 (2719 turns).

medis the Skirmisher (Demonspawn Abyssal Knight)    Turns: 2719, Time: 00:06:59

Health: 0/42       AC:  6    Str: 12    XL:     5   Next: 48%
Magic:  1/7        EV: 17    Int: 14    God:    Lugonu [***...]
Gold:   130        SH:  0    Dex: 23    Spells: 4/4 levels left

rFire    . . .     SeeInvis .   a - +1 falchion
rCold    . . .     Gourm    .   (no shield)
rNeg     . . .     Faith    .   b - +0 leather armour
rPois    .         Spirit   +   (no helmet)
rElec    .         Reflect  .   (no cloak)
rCorr    .         Harm     +   k - +0 pair of gloves
MR       .....                  (no boots)
Stlth    +++.......             o - amulet of harm
HPRegen  0.14/turn              n - +5 ring of dexterity
MPRegen  0.10/turn              (no ring)

@: agile, lethally poisoned (0 -> -13), flying
A: claws 1, icy blue scales 1, magic shield
a: Depart the Abyss, Bend Space, Banish, Renounce Religion


You were on level 3 of the Dungeon.
You worshipped Lugonu.
Lugonu was most pleased with you.
You were not hungry.

You visited 1 branch of the dungeon, and saw 3 of its levels.
You visited the Abyss 1 time.

You collected 130 gold pieces.

Inventory:

Hand Weapons
 a - a +1 falchion (weapon)
Armour
 b - a +0 leather armour (worn)
 k - a +0 pair of gloves (worn)
Jewellery
 n - a +5 ring of dexterity (left hand)
 o - an amulet of harm (around neck)
Scrolls
 d - 3 scrolls of identify {unknown}
 g - a scroll of teleportation {unknown}
 h - 3 scrolls of remove curse
 i - a scroll of random uselessness {unknown}
 j - 3 scrolls of enchant armour {unknown}
 l - 2 scrolls of immolation {unknown}
 m - a scroll of amnesia {unknown}
 p - a scroll of magic mapping {unknown}
 s - a scroll of fear {unknown}
Potions
 e - a potion of flight
 q - a potion of curing {unknown}
 t - a potion of brilliance {unknown}
 u - a potion of degeneration {unknown}
Comestibles
 c - 5 rations
 r - 5 chunks of flesh


   Skills:
 + Level 3.9 Fighting
 * Level 3.8 Long Blades
   Level 0.1 Axes
 - Level 1.7 Armour
 + Level 1.5 Dodging
 - Level 2.0 Stealth
 + Level 2.7 Invocations


You had 4 spell levels left.
You didn't know any spells.

Dungeon Overview and Level Annotations

Branches:
Dungeon (3/15)

Altars:


Innate Abilities, Weirdness & Mutations

You have sharp fingernails.
You are partially covered in icy blue scales. (AC +2)
When hurt, damage is shared between your health and your magic reserves.


Message History

You feel sick. The scorpion stings you.
You feel sick.
You feel sick.
You feel sick. The scorpion stings you.
* * * LOW HITPOINT WARNING * * *
You are lethally poisoned!
The scorpion poisons you!
You see here a dagger.
* * * LOW HITPOINT WARNING * * *
You feel sick.
It was a potion of flight.
You feel very buoyant.
You fly up into the air.
* * * LOW HITPOINT WARNING * * *
You feel sick. The scorpion stings you!
* * * LOW HITPOINT WARNING * * *
It was a potion of agility.
You feel agile all of a sudden.
You die...

#. #5# #............####.# #.#
#(# #.#.#####.#### #.#
##.###.#####.#.# #.# #.#
#........5.....# #.#######.###
#...########.### ###.##.(...>...
#...# #.# ###...##.####....
#...# #.# #.....##)# ####.
#...########w###.###.##)# #.
#..............@.# #....# #.
#.#.#.##########s###.##.#######.
#.#.#.# ##.###..............#.
#.#.#.#####..<#########.#####.#.
#.#............# #.# #.#.
##.###.#####...## #.# #.#.
.......# ##.## #># #.#. ...#####
#.# #.#####... #..# #.#
#....>....


You could see a worm (wandering) and a scorpion.

Vanquished Creatures
  A crimson imp (D:3)
  8 adders
  A shadow imp (D:3)
  An ooze (D:1)
  2 worms
  2 dart slugs
  2 leopard geckos
  5 orcs (D:3)
  7 bats
  3 giant cockroaches (D:3)
  7 goblins
  2 hobgoblins
  3 jackals (D:3)
  2 quokkas (D:2)
  A ball python (D:2)
  2 frilled lizards (D:1)
  12 kobolds
  8 rats
69 creatures vanquished.

Notes
Turn   | Place    | Note
-------+----------+-------------------------------------------
     0 | Abyss:1  | medis the Demonspawn Abyssal Knight began the quest for the Orb.
     0 | Abyss:1  | Reached XP level 1. HP: 18/18 MP: 2/2
    45 | D:1      | Escaped the Abyss
   148 | D:1      | Gained mutation: You are partially covered in icy blue scales. (AC +2) [demonic ancestry]
   148 | D:1      | Reached XP level 2. HP: 24/24 MP: 3/3
   248 | D:1      | Reached skill level 1 in Stealth
   474 | D:1      | Reached ** piety under Lugonu
   657 | D:2      | Gained mutation: When hurt, damage is shared between your health and your magic reserves. [demonic ancestry]
   657 | D:2      | Reached XP level 3. HP: 22/29 MP: 4/4
  1013 | D:2      | Gained mutation: You have sharp fingernails. [demonic ancestry]
  1013 | D:2      | Reached XP level 4. HP: 27/35 MP: 2/5
  1210 | D:2      | Reached skill level 1 in Dodging
  1390 | D:2      | Found a faded altar of an unknown god.
  1813 | D:3      | Reached XP level 5. HP: 41/42 MP: 4/6
  2466 | D:3      | Reached *** piety under Lugonu
  2718 | D:3      | HP: 1/42 [scorpion (7)]
  2719 | D:3      | Succumbed to a scorpion's poison

Vault maps used:
D:1:      scummos_arrival_forest, serial_bayou_pond_d, serial_park_tiny_pond,
          st_stairs_5
D:2:      chequers_ecumenical_altar_island
D:3:      first_ration

Skill      XL: |  1  2  3  4 |
---------------+-------------+-----
Long Blades    | 2 3 |  3.8
Stealth        | 1 2 |  2.0
Dodging        | 1 |  1.5
Fighting       | |  3.9
Axes           | |  0.1
Armour         | |  1.7
Invocations    | |  2.7

Action                   |  1- 3 |  4- 6 || total
-------------------------+-------+-------++-------
Melee: Falchion          |    92 |   171 ||   263
       Hand axe          |    12 |       ||    12
Invok: Bend Space        |       |     1 ||     1
  Use: Scroll            |     1 |       ||     1
       Potion            |       |     2 ||     2
 Stab: Sleeping          |       |     3 ||     3
  Eat: Chunk             |       |     6 ||     6
Armor: Leather armour    |    43 |    52 ||    95
Dodge: Dodged            |    66 |   113 ||   179
       Rpst.: Falchion   |    20 |    44 ||    64

Table legend:
 A = Spawn XP
 B = Non-spawn XP
 C = Spawn XP percentage of total XP
 D = Spawn monster count
 E = Non-spawn monster count
 F = Spawn count percentage of total count
 G = Total turns spent on level
                    A         B        C        D         E        F      G
               +---------+---------+-------+---------+---------+-------+---------
         Total |       0 |     286 |   0.0 |       0 |      69 |   0.0 |  2719
               +---------+---------+-------+---------+---------+-------+---------
           D:1 |       0 |      34 |   0.0 |       0 |      16 |   0.0 |   509
           D:2 |       0 |     112 |   0.0 |       0 |      23 |   0.0 |  1181
           D:3 |       0 |     140 |   0.0 |       0 |      30 |   0.0 |   984
               +---------+---------+-------+---------+---------+-------+---------
